 Dungeon Crawl Stone Soup version 0.29-a0-757-g358383bc75 (webtiles) character file.

Game seed: 9281980412759505020

3390 buhh the Nimble (level 10, 0/72 HPs)
             Began as an Octopode Transmuter on July 1, 2022.
             Was a Priest of Cheibriados.
             Slain by a steam dragon (6 damage)
             ... on level 8 of the Dungeon.
             The game lasted 00:13:34 (9007 turns).

buhh the Nimble (Octopode Transmuter)               Turns: 9007, Time: 00:13:35

Health: 0/72       AC:  1    Str: 16      XL:     10   Next: 4%
Magic:  13/13      EV: 18    Int: 27 (28) God:    Cheibriados [***...]
Gold:   94         SH:  0    Dex: 19      Spells: 3/13 levels left

rFire   + . .      SeeInvis .     - Unarmed
rCold   + . .      Faith    .   (no shield)
rNeg    . . .      Spirit   .   (helmet currently unavailable)
rPois   +          Reflect  .   u - amulet of regeneration
rElec   +          Harm     .   (no ring)
rCorr   +          Rampage  .   (no ring)
Will    .....                   (no ring)
Stlth   +++.......              (no ring)
HPRegen 1.02/turn               (no ring)
MPRegen 0.13/turn               (no ring)
                                (no ring)
                                (no ring)

@: appendages (expiring), resistant, very slow
A: tentacle spike 3, almost no armour, amphibious, 8 rings, camouflage 1,
gelatinous body 1, (nimble swimmer 1), tentacles
a: End Transformation, Renounce Religion, Bend Time, Temporal Distortion


You were on level 8 of the Dungeon.
You worshipped Cheibriados.
Cheibriados was most pleased with you.
One of your tentacles had grown a beastly spike.
You visited 1 branch of the dungeon, and saw 8 of its levels.
You also visited: Sewer.

You collected 472 gold pieces.
You spent 378 gold pieces at shops.

Inventory:

Missiles
 i - 2 throwing nets {!f}
 w - 5 poisoned darts
Magical Staves
 q - a staff of fire
 v - a staff of air
Jewellery
 u - an amulet of regeneration (around mantle)
 x - a ring of ice
Wands
 d - a wand of flame (12)
 y - a wand of charming (13)
 F - a wand of iceblast (13)
Scrolls
 g - 4 scrolls of identify {!d}
 l - a scroll of brand weapon
 m - 2 scrolls of enchant weapon
 n - 2 scrolls of fear {unknown}
 o - 2 scrolls of vulnerability
 p - 2 scrolls of fog {unknown}
 s - a scroll of noise
 t - 6 scrolls of teleportation {!d}
 P - 4 scrolls of magic mapping {!r!d}
 R - a scroll of torment
 Z - a scroll of enchant armour
Potions
 a - a potion of attraction {unknown}
 b - a potion of invisibility {unknown}
 c - 2 potions of degeneration
 e - 4 potions of haste {unknown}
 f - 2 potions of might
 j - a potion of ambrosia {unknown}
 k - 2 potions of mutation {unknown}
 r - 2 potions of flight {unknown}
 J - a potion of magic {!q!d}
 K - 4 potions of brilliance {!q!d}
 L - a potion of resistance {!q!d}
 N - 2 potions of curing {!q!d}


   Skills:
 - Level 8.0 Fighting
 - Level 8.0 Dodging
 - Level 2.0 Stealth
 - Level 8.0 Unarmed Combat
 - Level 2.0 Spellcasting
 * Level 3.2 Transmutations
 * Level 2.4 Ice Magic


You had 3 spell levels left.
You knew the following spells:

 Your Spells              Type           Power      Damage    Failure   Level
a - Beastly Appendage     Tmut           40%        N/A       2%          1
b - Wereblood             Tmut           20%        N/A       3%          2
c - Spider Form           Tmut/Pois      11%        N/A       16%         3
d - Ice Form              Ice/Tmut       18%        N/A       30%         4

Your spell library contained the following spells:

 Spells                   Type           Power      Damage    Failure   Level
 Passwall                 Tmut/Erth      9%         N/A       8%          2
 Ensorcelled Hibernation  Hex/Ice        18%        N/A       9%          2
 Summon Small Mammal      Summ           8%         N/A       10%         1
 Call Canine Familiar     Summ           2%         N/A       28%         3
 Inner Flame              Hex/Fire       2%         N/A       28%         3
 Summon Guardian Golem    Hex/Summ       2%         N/A       28%         3
 Swiftness                Air            2%         N/A       28%         3
 Anguish                  Hex/Necr       1%         N/A       67%         4
 Cause Fear               Hex            1%         N/A       67%         4
 Fireball                 Conj/Fire      1%         3d3       95%         5
 Starburst                Conj/Fire      1%         6d3       100%        6
 Summon Hydra             Summ           1%         N/A       100%        7
 Discord                  Hex            1%         N/A       100%        8
 Ignition                 Fire           1%         3d3       100%        8
 Dragon's Call            Summ           1%         N/A       100%        9
 Animate Armour           Summ/Erth      Unusable   N/A       N/A         4

Dungeon Overview and Level Annotations

Branches:
Dungeon (8/15) Zot: 39321  Temple (0/1) D:4           Sewer (visited)
   Lair: D:8-11

Altars:
Cheibriados
Dithmenos
Hepliaklqana
Qazlal

Shops:
D:7 !

Annotations:
D:4 2 runed translucent doors, Edmund; coolguy69's ghost, amateur HOBe
D:7 Dowan; Duvessa


Innate Abilities, Weirdness & Mutations

One of your tentacles has grown a beastly spike.
You cannot wear most types of armour.
You are amphibious.
You can wear up to eight rings at the same time.
Your skin changes colour to match your surroundings (Stealth+).
Your rubbery body absorbs attacks. (AC +1, EV +1)
((You are camouflaged when in or above water. (Stealth+)))
You have tentacles for arms and can constrict up to eight enemies at once.


Message History

The steam dragon attacks as you move away!
The steam dragon bites you. The steam dragon claws you.
* * * LOW HITPOINT WARNING * * *
The steam dragon breathes steam at you. The ball of steam hits you. You resist.
* * * LOW HITPOINT WARNING * * *
The steam dragon bites you!
* * * LOW HITPOINT WARNING * * *
The steam dragon closely misses you. The steam dragon misses you.
The steam dragon claws you.
* * * LOW HITPOINT WARNING * * *
The steam dragon misses you. The steam dragon closely misses you.
The steam dragon completely misses you. The steam dragon closely misses you.
You tentacle-slap the steam dragon.
The steam dragon is severely wounded.
Really quaff
N - 3 potions of curing {!q!d}?
You feel better.
Your transformation is almost over.
The steam dragon breathes steam at you. The ball of steam misses you.
The steam dragon bites you.
* * * LOW HITPOINT WARNING * * *
The steam dragon claws you.
* * * LOW HITPOINT WARNING * * *
The steam dragon closely misses you. The steam dragon claws you.
* * * LOW HITPOINT WARNING * * *
You tentacle-slap the steam dragon but do no damage.
You pierce the steam dragon, but do no damage.
You tentacle-slap the steam dragon. Your squeeze misses the steam dragon.
The steam dragon is severely wounded.
The steam dragon closely misses you. The steam dragon completely misses you.
You tentacle-slap the steam dragon. Your squeeze misses the steam dragon.
The steam dragon is almost dead.
The steam dragon breathes steam at you. The ball of steam misses you.
You tentacle-slap the steam dragon but do no damage.
You squeeze the steam dragon, but do no damage.
The steam dragon is almost dead.
The steam dragon bites you.
You die...

#.######.# #.#.
#...#....###.#.
#.#.#.#....#.##
#.#.#......#.## #.#
#.#....#.#. #.#
#<#....#.#.
########......#...
###D.§§§###..######.
#..@.§....##........
#..#§....#..#........
#. #§._..#..#........
# ##...##..#........
. #...#...#........
#..##.##..##........
#...###...##.###....
#.....§§##.........
###..§'####.###.)..


You could see a steam dragon.

Vanquished Creatures
  2 water moccasins (D:7)
  A black bear (D:5)
  An ice beast (D:4)
  A sky beast (D:7)
  4 orc warriors
  3 ogres
  2 centaurs
  A kobold brigand (D:7)
  A phantom (D:6)
  2 necrophages
  3 scorpions (D:5)
  4 wights (D:8)
  9 killer bees
  A howler monkey (D:5)
  3 hounds (D:5)
  9 orc priests
  2 jellies
  6 iguanas
  8 orc wizards
  11 adders
  3 river rats (Sewer)
  A shadow imp (D:7)
  A white imp (D:5)
  An ufetubus (D:7)
  3 worms
  2 dart slugs
  24 orcs
  6 bats
  15 endoplasms
  12 giant cockroaches
  6 goblins
  3 hobgoblins
  5 quokkas
  8 ball pythons
  11 frilled lizards
  7 kobolds
  5 rats
187 creatures vanquished.

Notes
Turn   | Place    | Note
-------+----------+-------------------------------------------
     0 | D:1      | buhh the Octopode Transmuter began the quest for the Orb.
     0 | D:1      | Reached XP level 1. HP: 13/13 MP: 3/3
   161 | D:1      | Reached XP level 2. HP: 11/18 MP: 3/5
   819 | D:1      | Reached XP level 3. HP: 24/24 MP: 4/6
  1475 | D:2      | Found a faded altar of an unknown god.
  1929 | D:2      | Reached XP level 4. HP: 27/30 MP: 7/7
  3036 | D:4      | Got Dispater's Grimoire of Calling
  3045 | D:4      | Noticed Edmund
  3058 | D:4      | Found a glowing drain.
  3084 | D:4      | Reached XP level 5. HP: 19/36 MP: 8/8
  3087 | D:4      | Noticed an ice beast
  3104 | D:4      | Killed an ice beast
  3161 | Sewer    | Entered a sewer
  3240 | Sewer    | Reached XP level 6. HP: 45/45 MP: 7/9
  3765 | Sewer    | Found a viscous altar of Jiyva.
  3894 | D:4      | Found a snail-covered altar of Cheibriados.
  3905 | D:4      | Became a worshipper of Cheibriados the Contemplative
  4218 | D:4      | Learned a level 2 spell: Wereblood
  4222 | D:4      | Learned a level 3 spell: Spider Form
  4243 | D:4      | Reached XP level 7. HP: 35/51 MP: 5/10
  4452 | D:4      | Found a staircase to the Ecumenical Temple.
  4498 | D:4      | Found a large runed translucent door.
  4498 | D:4      | Found a large runed translucent door.
  4500 | D:4      | Noticed coolguy69's ghost (amateur HOBe)
  4853 | D:5      | Entered Level 5 of the Dungeon
  4853 | D:5      | Found a stormy altar of Qazlal.
  5253 | D:5      | Reached XP level 8. HP: 57/57 MP: 2/11
  5573 | D:5      | Reached * piety under Cheibriados
  6553 | D:6      | Reached XP level 9. HP: 29/63 MP: 9/12
  6862 | D:7      | Reached ** piety under Cheibriados
  7143 | D:7      | Noticed Duvessa
  7197 | D:7      | Found Olouniommu's Distillery.
  7200 | D:7      | Bought a potion of curing for 42 gold pieces
  7200 | D:7      | Bought a potion of curing for 42 gold pieces
  7200 | D:7      | Bought a potion of curing for 42 gold pieces
  7200 | D:7      | Bought a potion of magic for 112 gold pieces
  7200 | D:7      | Bought a potion of resistance for 140 gold pieces
  8104 | D:7      | Noticed Dowan
  8259 | D:8      | Reached *** piety under Cheibriados
  8399 | D:8      | Learned a level 4 spell: Ice Form
  8608 | D:8      | Found a shadowy altar of Dithmenos.
  8862 | D:8      | Reached XP level 10. HP: 37/72 MP: 9/13
  8984 | D:8      | Found a hazy altar of Hepliaklqana.
  9004 | D:8      | HP: 3/72 [steam dragon (6)]
  9007 | D:8      | Slain by a steam dragon

Illustrated notes

Levels and vault maps discovered:
D:1:      kennysheep_arrival_seaside, layout_basic, minmay_3d_cube
D:2:      layout_loops_cross, basic_ecumenical_altar
D:3:      layout_basic
D:4:      layout_basic, amcnicky_altar_gilded, temple_fountains,
          ebering_ghost_disaster_area, gup_sewer_entry_glass, uniq_edmund
D:5:      layout_basic, nicolae_overflow_crystal_walls, guppyfry_early_orc_mine
D:6:      layout_loops_ring, minmay_door_square
D:7:      layout_gridville, kennysheep_little_box, serial_shops,
          nicolae_shop_behind_doors, uniq_duvessa
D:8:      layout_basic, grunt_dithmenos_smoke_and_mirrors,
          mainiacjoe_overflow_two_lobes

Skill      XL: |  1  2  3  4  5  6  7  8  9 10 |
---------------+-------------------------------+-----
Stealth        | 1 2 |  2.0
Fighting       | 2 3 4 5 6 8 |  8.0
Unarmed Combat | 4 6 8 |  8.0
Dodging        | 3 6 8 |  8.0
Ice Magic      | 2 |  2.4
Transmutations | 3 |  3.2
Spellcasting   | |  2.0

Action                   |  1- 3 |  4- 6 |  7- 9 | 10-12 || total
-------------------------+-------+-------+-------+-------++-------
Melee: Unarmed           |    71 |   139 |   262 |    10 ||   482
       Tentacles         |    16 |    17 |    42 |     1 ||    76
       Constrict         |    22 |    24 |    45 |       ||    91
       Kick              |    17 |    39 |    56 |     4 ||   116
       Punch             |       |     3 |    13 |     1 ||    17
 Cast: Beastly Appendage |    26 |    26 |    42 |     1 ||    95
       Spider Form       |       |     2 |    17 |       ||    19
       Wereblood         |       |       |     1 |       ||     1
  Use: Potion            |     1 |     4 |     3 |     5 ||    13
       Scroll            |       |     3 |     8 |       ||    11
 Stab: Sleeping          |    10 |     6 |     7 |       ||    23
Armor: Skin              |    15 |    38 |     9 |       ||    62
Dodge: Dodged            |    36 |    57 |   219 |    23 ||   335

Table legend: (Time is in decaauts)
 A = Elapsed time spent in this place.
 B = Non-inter-level travel time spent in this place.
 C = Inter-level travel time spent in this place.
 D = Time resting spent in this place.
 E = Time spent auto-exploring this place.
 F = Levels seen in this place.
 G = Mean time per level.
                   A        B        C        D        E       F      G
               +--------+--------+--------+--------+--------+-----+--------+
         Total |  10206 |   9957 |    249 |   1394 |   6921 |   9 | 1134.0 |
       Dungeon |   9559 |   9310 |    249 |   1097 |   6719 |   8 | 1194.9 |
         Sewer |    646 |    646 |      0 |    297 |    202 |   1 |  646.0 |
               +--------+--------+--------+--------+--------+-----+--------+

Top non-repeatable levels by time:
     D:7: 1602 daAuts
     D:5: 1500 daAuts
     D:4: 1430 daAuts
     D:8: 1180 daAuts
     D:1: 1095 daAuts
     D:2: 1090 daAuts
     D:6: 915 daAuts
     D:3: 745 daAuts
   Sewer: 646 daAuts
